 Dungeon Crawl Stone Soup version 0.20-a0-809-gaf7f668 (console) character file.

7148 nht the Impaler (level 11, -15/90 HPs)
             Began as a Merfolk Fighter on Mar 2, 2017.
             Was a High Priest of Okawaru.
             Demolished by Gastronok (26 damage)
             ... on level 9 of the Dungeon.
             The game lasted 00:15:13 (7903 turns).

nht the Impaler (Merfolk Fighter)                   Turns: 7903, Time: 00:15:14

Health: -15/90     AC: 11    Str: 17 (18) XL:     11   Next: 10%
Magic:  11/11      EV: 15    Int:  6 (9)  God:    Okawaru [*****.]
Gold:   606        SH:  9    Dex: 14 (16) Spells: 10/10 levels left

rFire    + . .     SeeInvis .   a - +1 trident
rCold    + + .     Gourm    .   B - +2 ring mail {rC+}
rNeg     . . .     Faith    .   c - +0 shield
rPois    +         Spirit   .   r - +2 hat
rElec    +         Reflect  .   w - +0 cloak
rCorr    +         Harm     .   (no gloves)
MR       .....                  (no boots)
Stlth    +.........             J - amulet of magic regeneration
Regen    0.3/turn               (no ring)
MPRegen  0.2/turn               h - ring of poison resistance

@: resistant, flying
A: change form in water, swift swim, stealthy swim, clever 1, shaggy fur 1
a: Heroism, Finesse, Renounce Religion


You were on level 9 of the Dungeon.
You worshipped Okawaru.
Okawaru was extremely pleased with you.
You were hungry.

You visited 2 branches of the dungeon, and saw 10 of its levels.
You also visited: Sewer.

You collected 606 gold pieces.

Inventory:

Hand Weapons
 a - a +1 trident (weapon)
Missiles
 d - 10 tomahawks
 k - a throwing net (quivered)
 A - 15 poisoned needles
Armour
 c - a +0 shield (worn)
 j - a +2 robe of the Archmagi
 r - a +2 hat (worn)
 w - a +0 cloak (worn)
 B - a +2 ring mail of cold resistance (worn)
 C - a +1 plate armour of fire resistance
 E - a +2 plate armour of poison resistance
Jewellery
 h - a ring of poison resistance (left hand)
 J - an amulet of magic regeneration (around neck)
Wands
 x - a wand of flame (0/48)
 K - a wand of iceblast (13/15)
Scrolls
 b - 4 scrolls of amnesia
 e - a scroll of recharging {unknown}
 g - 8 scrolls of teleportation
 l - 2 scrolls of enchant weapon
 p - a scroll of enchant armour {unknown}
 t - 4 scrolls of fear {unknown}
 u - 2 scrolls of blinking {unknown}
 v - a scroll of magic mapping {unknown}
 y - a scroll of noise {unknown}
 D - 2 scrolls of remove curse
 M - a scroll of random uselessness {unknown}
 P - a scroll of identify
Potions
 q - a potion of curing
 s - 2 potions of magic
 F - a potion of ambrosia
 Q - a potion of flight
Books
 z - a book of Maledictions

   Spells                             Type                      Level
   a - Corona                         Hexes                        1
   b - Ensorcelled Hibernation        Hexes/Ice                    2
   c - Confuse                        Hexes                        3
   d - Tukima's Dance                 Hexes                        3
   e - Dazzling Spray                 Conjuration/Hexes            3
 H - a book of Power

   Spells                             Type                      Level
   a - Iskenderun's Battlesphere      Conjuration/Charms           5
   b - Venom Bolt                     Conjuration/Poison           5
   c - Bolt of Magma                  Conjuration/Fire/Earth       5
   d - Iron Shot                      Conjuration/Earth            6
   e - Orb of Destruction             Conjuration                  7
   f - Spellforged Servitor           Conjuration/Summoning        7
Comestibles
 f - 6 bread rations
 m - 4 chunks of flesh
 n - 4 royal jellies
 o - 4 meat rations
 G - a fruit


   Skills:
 + Level 10.0 Fighting
 - Level 15.5 Polearms
 - Level 2.1 Armour
 + Level 11.1 Dodging
 - Level 3.0 Shields


You had 10 spell levels left.
You didn't know any spells.

Dungeon Overview and Level Annotations

Branches:
Dungeon (9/15)             Temple (1/1) D:4
   Lair: D:8-11         Orc: D:9-12

Altars:
Ashenzari
Cheibriados
Dithmenos
Elyvilon
Fedhas
Gozag
Hepliaklqana
Kikubaaqudgha
Makhleb
Nemelex Xobeh
Okawaru
Qazlal
Ru
Sif Muna
Trog
Uskayaw
Vehumet
Wu Jian
Xom
Yredelemnul
Zin
The Shining One
Beogh

Shops:
D:2 *   D:5 [

Annotations:
D:9 Gastronok


Innate Abilities, Weirdness & Mutations

You revert to your normal form in water.
You are very nimble and swift while swimming.
You are very stealthy in the water. (Stealth+)
Your mind is acute. (Int +2)
You are covered in fur. (AC +1)


Message History

You hit Gastronok but do no damage.
Gastronok is lightly wounded.
The orc wizard casts a spell.
The orc wizard blinks!
You completely miss Gastronok.
Gastronok is lightly wounded.
You block the jackal's attack.
Gastronok mumbles some strange words.
Gastronok puts on a burst of speed!
You hit Gastronok.
Gastronok is lightly wounded.
The jackal closely misses you.
You puncture Gastronok!
Gastronok is moderately wounded.
The jackal bites you but does no damage.
You block the jackal's attack.
You puncture Gastronok!
Gastronok is moderately wounded.
The jackal misses you. You block the jackal's attack. Gastronok bites you!!
You die... .........█ .........█ ██████████

..[......█████........█
.........█...'.÷......█
.........█.███).......██
...........█ █..........
.........███ █........█
██████.███


███h██████ ██.....█ █h@█ █..█████ █w██ █.████████ █o .........█ .. .........█
... .........█ .... .........█ █...o .........███.... ........... You could see
Gastronok, an orc priest, an orc wizard and 2 jackals.

Vanquished Creatures
  A two-headed ogre (D:8)
  Erica (D:9)
  Pikel (D:8)
  Maurice (D:8)
  A troll (D:9)
  2 hippogriffs (D:8)
  A hornet (D:7)
  Sigmund (D:6)
  A vampire (D:9)
  Menkaure (D:7)
  Edmund (D:6)
  Purgy (Sewer)
  2 sky beasts
  5 orc warriors
  An ice beast (D:8)
  2 phantoms
  A centaur (D:7)
  A necrophage (D:9)
  5 ogres
  2 big kobolds
  2 bullfrogs
  2 scorpions
  7 killer bees (D:9)
  4 wights
  4 howler monkeys
  6 crimson imps
  A jelly (D:8)
  A bullfrog zombie (D:8)
  6 hounds
  Crazy Yiuf (D:3)
  4 orc priests
  5 orc wizards
  2 bullfrog skeletons
  An iguana (D:4)
  6 worker ants
  A hound zombie (D:8)
  2 worker ant zombies (D:6)
  6 gnolls
  6 adders
  2 oozes
  3 worms
  3 dart slugs
  11 leopard geckos
  29 orcs
  4 bats
  10 giant cockroaches
  6 goblins
  9 hobgoblins
  13 jackals
  13 kobolds
  3 quokkas
  4 ball pythons
  11 frilled lizards
  A leopard gecko skeleton (D:5)
  8 rats
  A bush (D:3)
230 creatures vanquished.

Notes
Turn   | Place    | Note
-------+----------+-------------------------------------------
     0 | D:1      | nht the Merfolk Fighter began the quest for the Orb.
     0 | D:1      | Reached XP level 1. HP: 18/18 MP: 1/1
   188 | D:1      | Reached skill level 4 in Polearms
   188 | D:1      | Reached XP level 2. HP: 17/24 MP: 2/2
   414 | D:1      | Reached skill level 5 in Polearms
   414 | D:1      | Reached XP level 3. HP: 29/29 MP: 3/3
   744 | D:2      | Found Gozag's Platinum Reserve.
   745 | D:2      | Found an opulent altar of Gozag.
   854 | D:2      | Reached skill level 6 in Polearms
   854 | D:2      | Reached XP level 4. HP: 31/35 MP: 4/4
  1357 | D:3      | Reached skill level 7 in Polearms
  1515 | D:3      | Reached XP level 5. HP: 41/41 MP: 5/5
  1647 | D:3      | Found a glowing drain.
  1670 | Sewer    | Entered a sewer
  1718 | Sewer    | Noticed Purgy
  1737 | Sewer    | Killed Purgy
  1737 | Sewer    | Reached skill level 8 in Polearms
  1737 | Sewer    | Reached XP level 6. HP: 45/47 MP: 6/6
  2104 | D:3      | Found a runed door.
  2108 | D:3      | Noticed Crazy Yiuf
  2117 | D:3      | Killed Crazy Yiuf
  2117 | D:3      | Reached skill level 9 in Polearms
  2145 | D:4      | Found a radiant altar of Vehumet.
  2294 | D:4      | Noticed a phantom
  2317 | D:4      | Found a staircase to the Ecumenical Temple.
  2322 | D:4      | Killed a phantom
  2322 | D:4      | Reached skill level 10 in Polearms
  2336 | Temple   | Entered the Ecumenical Temple
  2440 | Temple   | Became a worshipper of Warmaster Okawaru
  2489 | D:4      | Noticed a sky beast
  2500 | D:4      | Killed a sky beast
  2500 | D:4      | Reached XP level 7. HP: 44/52 MP: 7/7
  2733 | D:4      | Reached skill level 11 in Polearms
  2907 | D:4      | Reached * piety under Okawaru
  3114 | D:5      | Entered Level 5 of the Dungeon
  3162 | D:5      | Reached skill level 12 in Polearms
  3416 | D:5      | Reached XP level 8. HP: 58/58 MP: 8/8
  3722 | D:5      | Found Elizin's Armour Boutique.
  3935 | D:6      | You fall through a shaft for 2 floors!
  3945 | D:8      | Reached skill level 13 in Polearms
  4253 | D:8      | Noticed a two-headed ogre
  4271 | D:8      | Killed a two-headed ogre
  4271 | D:8      | Reached ** piety under Okawaru
  4271 | D:8      | Reached *** piety under Okawaru
  4271 | D:8      | Reached skill level 15 in Polearms
  4271 | D:8      | Reached XP level 9. HP: 43/64 MP: 9/9
  4283 | D:8      | Reached skill level 1 in Dodging
  4436 | D:8      | Noticed Maurice
  4873 | D:8      | Reached **** piety under Okawaru
  4919 | D:8      | Reached skill level 5 in Fighting
  4950 | D:8      | Found a roughly hewn altar of Beogh.
  5136 | D:8      | Reached skill level 5 in Dodging
  5142 | D:8      | Noticed Pikel
  5171 | D:8      | Killed Pikel
  5288 | D:8      | Killed Maurice
  5288 | D:8      | Reached ***** piety under Okawaru
  5288 | D:8      | Reached XP level 10. HP: 57/79 MP: 8/10
  5767 | D:7      | Noticed Menkaure
  5781 | D:7      | Killed Menkaure
  6760 | D:6      | Noticed Sigmund
  6763 | D:6      | Noticed Edmund
  6785 | D:6      | Killed Sigmund
  6785 | D:6      | Received a gift from Okawaru
  6795 | D:6      | Killed Edmund
  7379 | D:9      | Noticed Erica
  7402 | D:9      | Killed Erica
  7402 | D:9      | Reached skill level 10 in Dodging
  7518 | D:9      | Reached XP level 11. HP: 55/90 MP: 11/11
  7871 | D:9      | Noticed Gastronok
  7881 | D:9      | Reached skill level 10 in Fighting
  7896 | D:9      | Gained mutation: Your mind is acute. (Int +2) [potion of mutation]
  7896 | D:9      | Gained mutation: You are covered in fur. (AC +1) [potion of mutation]
  7903 | D:9      | Demolished by Gastronok

Vault maps used:
D:1:      lemuel_arrival_lava_pool
D:2:      grunt_ministairs_5, nicolae_gozag_zags_fifth_avenue
D:3:      portal_sewer_entry_f, first_bread, grunt_ministairs_1,
          uniq_crazy_yiuf_cottage
D:4:      vehumet_altar_wand_db, minmay_temple_entry_junction,
          minmay_misc_feat_more_columns
D:5:      serial_shops, nicolae_shop_trees, patterned_corridor
D:6:      uniq_sigmund, uniq_edmund
D:7:      nrook_loot_triangle, uniq_menkaure
D:8:      special_room, uniq_pikel, uniq_maurice
D:9:      uniq_gastronok, uniq_erica
Temple:   kilobyte_greek_temple
Sewer:    sewer_co_purgy_island

Skill      XL: |  1  2  3  4  5  6  7  8  9 10 11 |
---------------+----------------------------------+-----
Polearms       | 4 5 6 7 8 10 12 15 | 15.5
Dodging        | 7 10 11 | 11.1
Fighting       | 7 9 10 | 10.0
Armour         | |  2.1
Shields        | |  3.0

Action                   |  1- 3 |  4- 6 |  7- 9 | 10-12 || total
-------------------------+-------+-------+-------+-------++-------
Melee: Trident           |    84 |   301 |   376 |   428 ||  1189
       Tailslap          |       |     3 |       |       ||     3
Invok: Heroism           |       |       |     2 |     2 ||     4
Evoke: Wand              |       |     1 |    11 |       ||    12
  Use: Scroll            |       |     6 |     2 |       ||     8
       Potion            |       |     1 |     9 |    11 ||    21
 Stab: Confused          |       |       |     3 |       ||     3
  Eat: Chunk             |       |     6 |     8 |     9 ||    23
Armor: Scale mail        |    41 |    67 |    32 |       ||   140
       Ring mail         |       |       |    61 |    52 ||   113
       Skin              |       |       |     8 |    20 ||    28
Dodge: Dodged            |    20 |    52 |    62 |   148 ||   282
Block: Shield            |    25 |    78 |    86 |   121 ||   310
